 Dungeon Crawl Stone Soup version 0.30-a0-170-g85af917532 (webtiles) character file.

Game seed: 7634101996464084661

123 qw the Chopper (level 5, 0/32 HPs)
             Began as a Gargoyle Fighter on Sept 30, 2022.
             Killed by divine providence
             ... invoked by an orc priest
              (13 damage)
             ... on level 4 of the Dungeon.
             The game lasted 00:01:01 (3294 turns).

qw the Chopper (Gargoyle Fighter)                   Turns: 3294, Time: 00:01:02

Health: 0/32       AC: 13    Str: 21    XL:     5   Next: 7%
Magic:  5/5        EV:  7    Int:  9    God:
Gold:   142        SH:  4    Dex:  9    Spells: 4/4 levels left

rFire   . . .      SeeInvis .    Y - +0 war axe
rCold   . . .      Faith    .    c - +0 buckler
rNeg    + . .      Spirit   .    g - +0 chain mail
rPois   inf        Reflect  .    (no helmet)
rElec   +          Harm     .    (no cloak)
rCorr   .          Rampage  .    (no gloves)
Will    .....                    (no boots)
Stlth   ..........               (no amulet)
HPRegen 0.10/turn                (no ring)
MPRegen 0.09/turn                (no ring)

@: no status effects
A: sickness immunity, AC +4, negative energy resistance 1, electricity
resistance, torment resistance 1, petrification resistance
a: no special abilities


You were on level 4 of the Dungeon.
You visited 1 branch of the dungeon, and saw 4 of its levels.

You collected 142 gold pieces.


Innate Abilities, Weirdness & Mutations

You are immune to sickness and miasma.
Your stone body is resilient. (AC +4)
You are immune to poison.
You resist negative energy. (rN+)
You are resistant to electric shocks. (rElec)
You are resistant to unholy torment.
You are immune to petrification.


   Skills:
 - Level 3.2 Fighting
 + Level 4.6 Axes
 - Level 3.2 Armour
 - Level 3.2 Shields


You had 4 spell levels left.
You didn't know any spells.
Your spell library was empty.

Inventory:

Hand Weapons
 r - a +0 flail
 Y - a +0 war axe (weapon)
Armour
 c - a +0 buckler (worn)
 g - a +0 chain mail (worn)
Scrolls
 m - a scroll of identify
 p - a scroll of enchant armour
Potions
 d - a potion of might
 i - a potion of experience {unknown}
 j - a potion of lignification {unknown}
 k - 5 potions of curing
 l - a potion of mutation {unknown}
 n - a potion of cancellation {unknown}
 q - a potion of ambrosia {unknown}

Dungeon Overview and Level Annotations

Branches:
Dungeon (4/15)
 Temple: D:4-7

Altars:
Gozag


Message History

An orc comes into view. It is wielding a +0 hand axe.
An ufetubus comes into view.
The ufetubus shouts!
The orc shouts!
You hear a shout!
An orc comes into view. It is wielding a +0 short sword.
The orc priest miscasts a cantrip.
An orc comes into view. It is wielding a +0 trident.
The orc shouts!
An orc comes into view. It is wielding a +0 club.
The orc hits you with a +0 war axe.
A goblin comes into view. It is wielding a +0 dagger.
You closely miss the orc.
The goblin shouts!
The orc hits you with a +0 war axe! The orc closely misses you.
You completely miss the ufetubus. You hit the orc. x2
The ufetubus hits you but does no damage.
You block the ufetubus's attack. The orc hits you but does no damage.
You block the ufetubus's attack. The ufetubus hits you.
You closely miss the orc.
The orc is severely wounded.
You closely miss the orc. You barely miss the orc priest.
You miss the ufetubus. The ufetubus hits you.
The ufetubus hits you but does no damage.
The orc priest looks satisfied for a moment.
The orc hits you with a +0 war axe. The orc hits you with a +0 hand axe.
The ufetubus hits you. You block the ufetubus's attack.
You block the orc's attack. The orc hits you but does no damage.
The orc barely misses you.
The orc priest hits you but does no damage.
The orc barely misses you.
You closely miss the orc.
The orc is severely wounded.
You hit the ufetubus but do no damage. You barely miss the orc.
You slash the orc!
You kill the orc!
You hit the orc priest. The ufetubus barely misses you.
The ufetubus hits you but does no damage.
The orc priest mumbles some strange prayers to Beogh against you.
Beogh smites you!
You die...

..... #.# .# .... ....
#.######.#.. #.#..
#.......#.######...###
#.# ##.#...#..#.#..# #.#
##.#....8.......8 ###.#
##.#..............
....###.#.....8.5oo.....
###.##.#........@)og....
..#.#[#........8oo.....8
..#..#..................
..#.#...................
.....##############.####
..##(# ^# ..# ..# # ..#
.... ### .####


You could see an orc priest, 4 orcs, an ufetubus and a goblin.

Vanquished Creatures
  An iguana (D:4)
  3 adders
  An ufetubus (D:4)
  3 dart slugs
  6 orcs
  5 ball pythons
  4 endoplasms
  A giant cockroach (D:1)
  5 goblins
  6 hobgoblins
  2 quokkas
  4 bats
  2 frilled lizards
  4 kobolds
  7 rats
54 creatures vanquished.

Notes
Turn   | Place    | Note
-------+----------+-------------------------------------------
     0 | D:1      | qw the Gargoyle Fighter began the quest for the Orb.
     0 | D:1      | Reached XP level 1. HP: 14/14 MP: 1/1
     0 | D:1      | 0 ||| qw: Version: 0.2-a-12-gaebbb33
     0 | D:1      | 0 ||| qw: Game counter: 1593
     0 | D:1      | 0 ||| qw: Always use a shield: true
     0 | D:1      | 0 ||| qw: God list: Okawaru
     0 | D:1      | 0 ||| qw: Allow faded altars: false
     0 | D:1      | 0 ||| qw: Do Orc after D:15 true
     0 | D:1      | 0 ||| qw: Do second Lair branch before Depths: true
     0 | D:1      | 0 ||| qw: Lair rune preference: random
     0 | D:1      | 0 ||| qw: Plans: Normal, Zot:1-4, God:TSO, Crypt, Tomb,
                  | Pan, Slime:5, Hells, Abyss, Orb
     0 | D:1      | 0 ||| PLANNING D:1-11
    90 | D:1      | Reached skill level 2 in Axes
   156 | D:1      | 156 ||| Stepping ~*~*~tactically~*~*~ (stealth).
   167 | D:1      | Reached XP level 2. HP: 10/19 MP: 2/2
   388 | D:1      | 388 ||| Stepping ~*~*~tactically~*~*~ (hiding).
   595 | D:1      | 595 ||| Stepping ~*~*~tactically~*~*~ (stealth).
   596 | D:1      | 596 ||| Stepping ~*~*~tactically~*~*~ (stealth).
   597 | D:1      | 597 ||| Stepping ~*~*~tactically~*~*~ (stealth).
   600 | D:1      | 600 ||| Stepping ~*~*~tactically~*~*~ (stealth).
   601 | D:1      | 601 ||| Stepping ~*~*~tactically~*~*~ (stealth).
   615 | D:1      | 615 ||| Stepping ~*~*~tactically~*~*~ (stealth).
   824 | D:1      | Reached skill level 3 in Axes
  1240 | D:1      | 1240 ||| READING scroll labelled BUONAQAENU.
  1241 | D:1      | 1241 ||| READING scroll labelled TEVUUC QIST.
  1242 | D:1      | 1242 ||| READING scroll labelled LENATI YMUY.
  1270 | D:2      | 1270 ||| STAIRDANCE
  1275 | D:1      | Reached XP level 3. HP: 23/23 MP: 3/3
  1316 | D:2      | 1316 ||| STAIRDANCE
  1481 | D:2      | Found a faded altar of an unknown god.
  1560 | D:2      | 1560 ||| Stepping ~*~*~tactically~*~*~ (hiding).
  2091 | D:2      | 2091 ||| DROPPING +0 club.
  2092 | D:2      | 2092 ||| UPGRADING to +0 chain mail.
  2102 | D:2      | 2102 ||| DROPPING +0 scale mail.
  2103 | D:2      | 2103 ||| READING scroll labelled JAEQIUH HUADD.
  2159 | D:2      | 2159 ||| READING 2 scrolls labelled WAPIERGH DODWIRPH.
  2160 | D:2      | 2160 ||| DRINKING 2 bubbling sapphire potions.
  2161 | D:2      | 2161 ||| DRINKING 2 glowing yellow potions.
  2162 | D:2      | 2162 ||| DRINKING 2 bubbling green potions.
  2163 | D:2      | 2163 ||| DROPPING scroll of fear.
  2164 | D:2      | 2164 ||| DROPPING potion of flight.
  2165 | D:2      | 2165 ||| DROPPING potion of invisibility.
  2301 | D:3      | Reached XP level 4. HP: 23/28 MP: 4/4
  2372 | D:3      | 2372 ||| Stepping ~*~*~tactically~*~*~ (stealth).
  2432 | D:3      | Reached skill level 4 in Axes
  2592 | D:3      | 2592 ||| FLEEEEING.
  2593 | D:3      | 2593 ||| FLEEEEING.
  2594 | D:3      | 2594 ||| FLEEEEING.
  2595 | D:3      | 2595 ||| FLEEEEING.
  2596 | D:3      | 2596 ||| FLEEEEING.
  2597 | D:3      | 2597 ||| FLEEEEING.
  2598 | D:3      | 2598 ||| FLEEEEING.
  2599 | D:3      | 2599 ||| FLEEEEING.
  2602 | D:3      | 2602 ||| STAIRDANCE
  2990 | D:3      | Found an opulent altar of Gozag.
  3092 | D:3      | 3092 ||| DROPPING orb of guile.
  3093 | D:3      | 3093 ||| READING scroll labelled KAHUCA QUOF.
  3094 | D:3      | 3094 ||| READING scroll labelled VUOHAA KOUSUN.
  3095 | D:3      | 3095 ||| READING scroll labelled SONAHA ODUHOSCH.
  3096 | D:3      | 3096 ||| DRINKING 2 inky potions.
  3200 | D:4      | HP: 3/28 [iguana (9)]
  3201 | D:4      | 3201 ||| DRINKING potion of heal wounds.
  3205 | D:4      | Reached XP level 5. HP: 26/32 MP: 5/5
  3294 | D:4      | Killed from afar by an orc priest

Levels and vault maps discovered:
D:1:      dpeg_arrival_brainrot, layout_basic
D:2:      layout_rooms, shapermc_ecumenical_altar_totnotflames,
          minmay_misc_feat_ornament
D:3:      layout_basic, lemuel_tele_altar, chequers_serial_rivers_small_b
D:4:      wad_pebble_path, layout_basic, trog_butcher_becter, minivault_14

Skill      XL: |  1  2  3  4 |
---------------+-------------+-----
Axes           | 2 3 4 |  4.6
Fighting       | |  3.2
Armour         | |  3.2
Shields        | |  3.2

Action                   |  1- 3 |  4- 6 || total
-------------------------+-------+-------++-------
Melee: War axe           |   106 |    72 ||   178
  Use: Scroll            |     5 |     3 ||     8
       Potion            |     3 |     2 ||     5
Armor: Scale mail        |    38 |       ||    38
       Chain mail        |    12 |    39 ||    51
Dodge: Dodged            |    53 |    29 ||    82
Block: Buckler           |    17 |    10 ||    27

Table legend:
 A = Non-vault XP
 B = Vault XP
 C = Vault XP percentage of total XP
 D = Non-vault monster count
 E = Vault monster count
 F = Vault count percentage of total count
                 A         B        C        D         E       F
            +---------+---------+-------+---------+---------+-------
      Total |     179 |       0 |   0.0 |      54 |       0 |   0.0
            +---------+---------+-------+---------+---------+-------
        D:1 |      34 |       0 |   0.0 |      20 |       0 |   0.0
        D:2 |      42 |       0 |   0.0 |      11 |       0 |   0.0
        D:3 |      46 |       0 |   0.0 |      18 |       0 |   0.0
        D:4 |      57 |       0 |   0.0 |       5 |       0 |   0.0
            +---------+---------+-------+---------+---------+-------
